 Dungeon Crawl Stone Soup version 0.29-a0-241-g20d21d4356 (webtiles) character file.

Game seed: 4272073892826339355

70 Ordine the Cudgeller (level 4, 0/27 HPs)
             Began as a Tengu Warper on Mar 4, 2022.
             Slain by a goblin
             ... wielding a +0 club
              (2 damage)
             ... on level 3 of the Dungeon.
             The game lasted 00:03:37 (2268 turns).

Ordine the Cudgeller (Tengu Warper)                 Turns: 2268, Time: 00:03:39

Health: 0/27       AC:  3    Str: 13    XL:     4   Next: 22%
Magic:  8/8        EV: 12    Int: 13    God:
Gold:   184        SH:  0    Dex: 14    Spells: 7/7 levels left

rFire   . . .      SeeInvis .   a - +0 mace
rCold   . . .      Faith    .   (no shield)
rNeg    . . .      Spirit   .   b - +0 leather armour
rPois   .          Reflect  .   (helmet restricted)
rElec   .          Harm     .   (no cloak)
rCorr   .          Rampage  .   (no gloves)
Will    .....                   (boots unavailable)
Stlth   +.........              (no amulet)
HPRegen 0.09/turn               (no ring)
MPRegen 0.11/turn               (no ring)

@: no status effects
A: beak, talons 3
a: no special abilities


You were on level 3 of the Dungeon.
You visited 1 branch of the dungeon, and saw 3 of its levels.

You collected 184 gold pieces.

Inventory:

Hand Weapons
 a - a +0 mace (weapon)
Missiles
 d - 5 boomerangs of dispersal
 m - a boomerang
 q - 2 poisoned darts
Armour
 b - a +0 leather armour (worn)
Jewellery
 f - an amulet of magic regeneration
Scrolls
 c - a scroll of blinking
 g - 2 scrolls of fear {unknown}
 h - a scroll of teleportation {unknown}
 k - a scroll of holy word {unknown}
 l - a scroll of vulnerability {unknown}
 n - a scroll of acquirement {unknown}
 o - a scroll of enchant weapon {unknown}
Potions
 e - a potion of might
 i - a potion of heal wounds {unknown}
 j - a potion of mutation {unknown}
 p - 2 potions of curing {unknown}


   Skills:
 + Level 2.7 Fighting
 * Level 3.7 Maces & Flails
 + Level 2.0 Throwing
 - Level 1.1 Armour
 - Level 2.1 Dodging
 - Level 2.0 Spellcasting
 - Level 2.4 Translocations


You had 7 spell levels left.
You didn't know any spells.
Your spell library contained the following spells:

 Spells                   Type           Power      Damage    Failure   Level
 Blink                    Tloc           14%        N/A       19%         2
 Gell's Gravitas          Tloc           7%         N/A       36%         3
 Lesser Beckoning         Tloc           7%         N/A       36%         3
 Teleport Other           Tloc           7%         N/A       36%         3
 Manifold Assault         Tloc           7%         N/A       98%         5


Dungeon Overview and Level Annotations

Branches:
Dungeon (3/15)

Altars:

Annotations:
D:3 Robin


Innate Abilities, Weirdness & Mutations

You have a beak for a mouth.
You have claws for feet.


Message History

Items here: )) ††.
The hobgoblin no longer looks unusually strong. x2
Robin throws the goblin at you!
You closely miss the goblin.
The hobgoblin no longer looks unusually strong.
The goblin misses you.
Robin roars a battlecry!
The hobgoblins go into a battle-frenzy!
The goblin hits you with a +0 club.
You closely miss the goblin. You claw the goblin.
The goblin is severely wounded.
The goblin closely misses you. The goblin barely misses you.
The goblin closely misses you.
You closely miss the goblin. Your peck misses the goblin.
The goblin is severely wounded.
Robin roars a battlecry!
The goblin closely misses you. x2
You hit the goblin but do no damage.
The goblin is severely wounded.
The goblin no longer looks unusually strong.
Robin roars a battlecry!
The goblin goes into a battle-frenzy!
The goblin closely misses you. The goblin barely misses you.
You hit the goblin but do no damage. Your kick misses the goblin.
The goblin is severely wounded.
The goblin no longer looks unusually strong.
The goblin closely misses you. The goblin completely misses you.
You hit the goblin. Your kick misses the goblin. Your peck misses the goblin.
The goblin is almost dead.
The goblin no longer looks unusually strong.
The goblin hits you with a +0 club. The goblin barely misses you.
The goblin hits you with a +0 club.
* * * LOW HITPOINT WARNING * * *
You hit the goblin but do no damage. Your kick misses the goblin.
The goblin is almost dead.
The goblin no longer looks unusually strong.
The goblin hits you with a +0 club.
* * * LOW HITPOINT WARNING * * *
The goblin hits you with a +0 club.
You die...

............#.#..##.
..#.###.......#..#..
#............
##..........#
#..#..†.)†....##
......ggg##...#
#......ggg....#
#.##.###g##...# ....
... #. #@###.## #..#
## #....g.##.# #..#
#####..##.# #..#
#.<##.# #..# #..##.#
#..# ##### #..##.#
#..#
##...#####..##.#
#..#
#.......##...#.#
...#
#.†.≈≈≈..##..#.#


You could see Robin, 3 hobgoblins and 4 goblins.

Vanquished Creatures
  An adder (D:2)
  A dart slug (D:1)
  4 orcs
  9 ball pythons
  4 bats
  4 endoplasms
  3 giant cockroaches
  6 goblins (D:3)
  2 hobgoblins
  5 kobolds
  4 quokkas
  6 frilled lizards
  8 rats
57 creatures vanquished.

Notes
Turn   | Place    | Note
-------+----------+-------------------------------------------
     0 | D:1      | Ordine the Tengu Warper began the quest for the Orb.
     0 | D:1      | Reached XP level 1. HP: 12/12 MP: 4/4
    92 | D:1      | Found a faded altar of an unknown god.
    95 | D:1      | Reached XP level 2. HP: 17/17 MP: 6/6
   427 | D:1      | Reached skill level 3 in Maces & Flails
   738 | D:2      | Reached XP level 3. HP: 22/22 MP: 7/7
  1946 | D:3      | Reached XP level 4. HP: 24/27 MP: 8/8
  2243 | D:3      | Noticed Robin
  2268 | D:3      | Slain by a goblin

Illustrated notes

Levels and vault maps discovered:
D:1:      lightli_arrival_boilingwater, layout_basic, basic_ecumenical_altar
D:2:      layout_rooms, minmay_3d_cube
D:3:      layout_loops_ring, moated_statue, minmay_increasing_density,
          uniq_robin

Skill      XL: |  1  2  3  4 |
---------------+-------------+-----
Maces & Flails | 3 |  3.7
Throwing       | 2 |  2.0
Fighting       | |  2.7
Armour         | |  1.1
Dodging        | |  2.1
Spellcasting   | |  2.0
Translocations | |  2.4

Action                   |  1- 3 |  4- 6 || total
-------------------------+-------+-------++-------
Melee: Mace              |    75 |    29 ||   104
       Kick              |    19 |     4 ||    23
       Peck              |     4 |       ||     4
  Use: Potion            |     1 |       ||     1
 Stab: Sleeping          |     2 |       ||     2
Armor: Leather armour    |    19 |    13 ||    32
Dodge: Dodged            |    47 |    31 ||    78

Table legend: (Time is in decaauts)
 A = Elapsed time spent in this place.
 B = Non-inter-level travel time spent in this place.
 C = Inter-level travel time spent in this place.
 D = Time resting spent in this place.
 E = Time spent auto-exploring this place.
 F = Levels seen in this place.
 G = Mean time per level.
                   A        B        C        D        E       F      G
               +--------+--------+--------+--------+--------+-----+--------+
         Total |   2295 |   2249 |     46 |    206 |   1693 |   3 |  765.0 |
       Dungeon |   2295 |   2249 |     46 |    206 |   1693 |   3 |  765.0 |
               +--------+--------+--------+--------+--------+-----+--------+

Top non-repeatable levels by time:
     D:2: 1007 daAuts
     D:1: 698 daAuts
     D:3: 590 daAuts
